SL
PHOENIX HOTSPUR @ NEW AMSTERDAM DUTCHMEN
06/08/2034
 
TOP OF THE 1ST
Phoenix Hotspur batting - Pitching for New Amsterdam Dutchmen : LHP Andrés Quezada
Pitching: LHP Andrés Quezada
Batting: LHB Mare Riseley 0-0: Swinging Strike
0-1: Foul Ball, location: 2F
0-2: Strikes out swinging
Batting: RHB Kyle Bywaters 0-0: Called Strike
0-1: Called Strike
0-2: Foul Ball, location: 2F
0-2: Ground out 6-3 (Groundball, 6)
Batting: LHB Tadayoshi Watanabe 0-0: Called Strike
0-1: Ball
1-1: Ball
2-1: Called Strike
2-2: Foul Ball, location: 2F
2-2: Strikes out swinging
Top of the 1st over - 0 runs, 0 hits, 0 errors, 0 left on base; Phoenix 0 - New Amsterdam 0
BOTTOM OF THE 1ST
New Amsterdam Dutchmen batting - Pitching for Phoenix Hotspur : RHP Masahiro Sakei
Pitching: RHP Masahiro Sakei
Batting: LHB Carlos Campos 0-0: Called Strike
0-1: Ball
1-1: Foul Ball, location: 2F
1-2: Fly out, F9 (Flyball, 9S)
Batting: LHB SaQwan Hackett 0-0: Ball
1-0: Called Strike
1-1: Foul Ball, location: 2F
1-2: Strikes out swinging
Batting: LHB Divine Diablo 0-0: Ball
1-0: Ball
2-0: Fly out, F8 (Flyball, 8RD)
Bottom of the 1st over - 0 runs, 0 hits, 0 errors, 0 left on base; Phoenix 0 - New Amsterdam 0
TOP OF THE 2ND
Phoenix Hotspur batting - Pitching for New Amsterdam Dutchmen : LHP Andrés Quezada
Batting: RHB Martín Talia 0-0: Ball
1-0: Ball
2-0: Ball
3-0: Called Strike
3-1: Called Strike
3-2: Foul Ball, location: 2F
3-2: Base on Balls
Batting: LHB Harumi Takaki 0-0: Ball
1-0: Called Strike
1-1: Foul Ball, location: 2F
1-2: Ball
2-2: Strikes out swinging
Batting: RHB Gabriel Pérez 0-0: Ball
1-0: Foul Ball, location: 2F
1-1: Ball
2-1: Ball
3-1: Fielders Choice at 2nd, 5-4 (Groundball, 56)
Batting: RHB Julián De Paz 0-0: Foul Ball, location: 2F
0-1: Ball
1-1: Swinging Strike
1-2: Foul Ball, location: 2F
1-2: Foul Ball, location: 2F
1-2: Ball
2-2: Foul Ball, location: 2F
2-2: Fly out, F8 (Flyball, 8LM)
Top of the 2nd over - 0 runs, 0 hits, 0 errors, 1 left on base; Phoenix 0 - New Amsterdam 0
BOTTOM OF THE 2ND
New Amsterdam Dutchmen batting - Pitching for Phoenix Hotspur : RHP Masahiro Sakei
Batting: RHB Kyu-cheol Kye 0-0: Ball
1-0: Called Strike
1-1: Foul Ball, location: 2F
1-2: Fly out, F7 (Flyball, 7S)
Batting: RHB António Martínez 0-0: Called Strike
0-1: Ball
1-1: Called Strike
1-2: Ball
2-2: Foul Ball, location: 2F
2-2: Foul Ball, location: 2F
2-2: Foul Ball, location: 2F
2-2: Ball
3-2: Foul Ball, location: 2F
3-2: Base on Balls
Batting: RHB Pedro Santos 0-0: Ball
1-0: Foul Ball, location: 2F
1-1: Foul Ball, location: 2F
1-2: Ball
2-2: Ball
3-2: Foul Ball, location: 2F
3-2: Ground out 5-3 (Groundball, 56)
António Martínez to second
Batting: RHB Kyle Vandenbrink 0-0: Ball
1-0: SINGLE (Flyball, 9S) - OUT at second base trying to stretch hit.
António Martínez scores
Bottom of the 2nd over - 1 run, 1 hit, 0 errors, 0 left on base; Phoenix 0 - New Amsterdam 1
TOP OF THE 3RD
Phoenix Hotspur batting - Pitching for New Amsterdam Dutchmen : LHP Andrés Quezada
Batting: RHB Lopahin Davletyarov 0-0: Called Strike
0-1: Ball
1-1: SINGLE (Groundball, 56D)
Batting: LHB Corey Ferguson 0-0: Ball
1-0: Ball
2-0: Called Strike
2-1: Ball
3-1: SINGLE (Groundball, 3) (infield hit)
Lopahin Davletyarov to second
Batting: LHB Mare Riseley 0-0: Foul Ball, location: 2F
0-1: Foul Ball, location: 2F
0-2: Strikes out swinging
Batting: RHB Kyle Bywaters 0-0: DOUBLE (Line Drive, 7LM)
Lopahin Davletyarov scores
Corey Ferguson to third
Batting: LHB Tadayoshi Watanabe 0-0: Called Strike
0-1: Called Strike
0-2: Foul Ball, location: 2F
0-2: Ball
1-2: Foul Ball, location: 2F
1-2: Ball
2-2: Ground out 4-3 (Groundball, 4)
Corey Ferguson scores
Kyle Bywaters to third
Batting: RHB Martín Talia 0-0: Called Strike
0-1: Called Strike
0-2: Strikes out swinging
Top of the 3rd over - 2 runs, 3 hits, 0 errors, 1 left on base; Phoenix 2 - New Amsterdam 1
BOTTOM OF THE 3RD
New Amsterdam Dutchmen batting - Pitching for Phoenix Hotspur : RHP Masahiro Sakei
Batting: LHB Nobuo Yamashita 0-0: Ground out 5-3 (Groundball, 5)
Batting: RHB Ricardo Pulido 0-0: Called Strike
0-1: Swinging Strike
0-2: Ground out 6-3 (Groundball, 6)
Batting: LHB Carlos Campos 0-0: Called Strike
0-1: Ball
1-1: Foul Ball, location: 2F
1-2: Foul Ball, location: 2F
1-2: Foul Ball, location: 2F
1-2: Strikes out looking
Bottom of the 3rd over - 0 runs, 0 hits, 0 errors, 0 left on base; Phoenix 2 - New Amsterdam 1
TOP OF THE 4TH
Phoenix Hotspur batting - Pitching for New Amsterdam Dutchmen : LHP Andrés Quezada
Batting: LHB Harumi Takaki 0-0: Ball
1-0: SINGLE (Groundball, 56D)
Batting: RHB Gabriel Pérez 0-0: Ball
1-0: Swinging Strike
1-1: Ball
2-1: Fly out, F6 (Popup, 4MD)
Batting: RHB Julián De Paz 0-0: Called Strike
0-1: Ball
1-1: Foul Ball, location: 2F
1-2: Ball
2-2: Foul Ball, location: 2F
2-2: Ground out 5-3 (Groundball, 56S)
Harumi Takaki to second
Batting: RHB Lopahin Davletyarov 0-0: Ball
1-0: Ground out 6-3 (Groundball, 6)
Top of the 4th over - 0 runs, 1 hit, 0 errors, 1 left on base; Phoenix 2 - New Amsterdam 1
BOTTOM OF THE 4TH
New Amsterdam Dutchmen batting - Pitching for Phoenix Hotspur : RHP Masahiro Sakei
Batting: LHB SaQwan Hackett 0-0: Ball
1-0: Ball
2-0: Ball
3-0: Called Strike
3-1: Foul Ball, location: 2F
3-2: Ground out 6-3 (Groundball, 6M)
Batting: LHB Divine Diablo 0-0: Ball
1-0: Ground out 2-3 (Groundball, 2L)
Batting: RHB Kyu-cheol Kye 0-0: Foul Ball, location: 2F
0-1: Ball
1-1: SINGLE (Line Drive, 8LS)
Batting: RHB António Martínez 0-0: Ball
1-0: Foul Ball, location: 2F
1-1: Called Strike
1-2: Fielders Choice at 2nd, 6-4 (Groundball, 6)
Bottom of the 4th over - 0 runs, 1 hit, 0 errors, 1 left on base; Phoenix 2 - New Amsterdam 1
TOP OF THE 5TH
Phoenix Hotspur batting - Pitching for New Amsterdam Dutchmen : LHP Andrés Quezada
Batting: LHB Corey Ferguson 0-0: Ball
1-0: Fly out, F7 (Flyball, 7D)
Batting: LHB Mare Riseley 0-0: Called Strike
0-1: Called Strike
0-2: Ball
1-2: Foul Ball, location: 2F
1-2: Ground out 4-3 (Groundball, 4)
Batting: RHB Kyle Bywaters 0-0: Called Strike
0-1: DOUBLE (Line Drive, 9LM)
Batting: LHB Tadayoshi Watanabe 0-0: Called Strike
0-1: Foul Ball, location: 2F
0-2: Foul Ball, location: 2F
0-2: Ball
1-2: Strikes out looking
Top of the 5th over - 0 runs, 1 hit, 0 errors, 1 left on base; Phoenix 2 - New Amsterdam 1
BOTTOM OF THE 5TH
New Amsterdam Dutchmen batting - Pitching for Phoenix Hotspur : RHP Masahiro Sakei
Batting: RHB Pedro Santos 0-0: Called Strike
0-1: Swinging Strike
0-2: Strikes out swinging
Batting: RHB Kyle Vandenbrink 0-0: Ball
1-0: Called Strike
1-1: Foul Ball, location: 2F
1-2: Fly out, F9 (Flyball, 9)
Batting: LHB Nobuo Yamashita 0-0: Called Strike
0-1: Ball
1-1: Foul Ball, location: 2F
1-2: Foul Ball, location: 2F
1-2: Ground out 6-3 (Groundball, 6M)
Bottom of the 5th over - 0 runs, 0 hits, 0 errors, 0 left on base; Phoenix 2 - New Amsterdam 1
TOP OF THE 6TH
Phoenix Hotspur batting - Pitching for New Amsterdam Dutchmen : LHP Andrés Quezada
Batting: RHB Martín Talia 0-0: Ball
1-0: Ground out 5-3 (Groundball, 56)
Batting: LHB Harumi Takaki 0-0: Fly out, F8 (Flyball, 8LD)
Batting: RHB Gabriel Pérez 0-0: Swinging Strike
0-1: Swinging Strike
0-2: Ball
1-2: Foul Ball, location: 2F
1-2: Foul Ball, location: 2F
1-2: Ball
2-2: Ball
3-2: Strikes out looking
Top of the 6th over - 0 runs, 0 hits, 0 errors, 0 left on base; Phoenix 2 - New Amsterdam 1
BOTTOM OF THE 6TH
New Amsterdam Dutchmen batting - Pitching for Phoenix Hotspur : RHP Masahiro Sakei
Batting: RHB Ricardo Pulido 0-0: Called Strike
0-1: Swinging Strike
0-2: Strikes out swinging
Batting: LHB Carlos Campos 0-0: Called Strike
0-1: Ball
1-1: Called Strike
1-2: Ground out 4-3 (Groundball, 4M)
Batting: LHB SaQwan Hackett 0-0: Ball
1-0: Called Strike
1-1: SINGLE (Groundball, 6MD)
Batting: LHB Divine Diablo 0-0: Ball
1-0: Ball
Wild Pitch!
SaQwan Hackett to second
2-0: Foul Ball, location: 2F
2-1: Fly out, F8 (Flyball, 8RM)
Bottom of the 6th over - 0 runs, 1 hit, 0 errors, 1 left on base; Phoenix 2 - New Amsterdam 1
TOP OF THE 7TH
Phoenix Hotspur batting - Pitching for New Amsterdam Dutchmen : RHP Ernest Hawks
Pitching: RHP Ernest Hawks
Batting: RHB Julián De Paz 0-0: Ball
1-0: Called Strike
1-1: Ball
2-1: Foul Ball, location: 2F
2-2: Strikes out looking
Batting: RHB Lopahin Davletyarov 0-0: Ball
1-0: Ball
2-0: Foul Ball, location: 2F
2-1: Swinging Strike
2-2: Foul Ball, location: 2F
2-2: Strikes out swinging
Batting: LHB Corey Ferguson 0-0: Fly out, F5 (Popup, 56S)
Top of the 7th over - 0 runs, 0 hits, 0 errors, 0 left on base; Phoenix 2 - New Amsterdam 1
BOTTOM OF THE 7TH
New Amsterdam Dutchmen batting - Pitching for Phoenix Hotspur : RHP Masahiro Sakei
Batting: RHB Kyu-cheol Kye 0-0: Ball
1-0: Ball
2-0: Swinging Strike
2-1: Foul Ball, location: 2F
2-2: Ball
3-2: Foul Ball, location: 2F
3-2: Ground out 6-3 (Groundball, 6MD)
Batting: RHB António Martínez 0-0: Ball
1-0: Ground out 6-3 (Groundball, 6)
Batting: RHB Pedro Santos 0-0: Called Strike
0-1: Foul Ball, location: 2F
0-2: Ball
1-2: Ball
2-2: Ground out 4-3 (Groundball, 4D)
Bottom of the 7th over - 0 runs, 0 hits, 0 errors, 0 left on base; Phoenix 2 - New Amsterdam 1
TOP OF THE 8TH
Phoenix Hotspur batting - Pitching for New Amsterdam Dutchmen : RHP Ernest Hawks
Batting: LHB Mare Riseley 0-0: Foul Ball, location: 2F
0-1: Swinging Strike
0-2: Ball
1-2: Strikes out swinging
Batting: RHB Kyle Bywaters 0-0: Fly out, F8 (Line Drive, 8RM)
Batting: LHB Tadayoshi Watanabe 0-0: Foul Ball, location: 2F
0-1: Swinging Strike
0-2: Strikes out looking
Top of the 8th over - 0 runs, 0 hits, 0 errors, 0 left on base; Phoenix 2 - New Amsterdam 1
BOTTOM OF THE 8TH
New Amsterdam Dutchmen batting - Pitching for Phoenix Hotspur : RHP Masahiro Sakei
Batting: RHB Kyle Vandenbrink 0-0: Called Strike
0-1: Ball
1-1: Ball
2-1: SINGLE (Groundball, 56) (infield hit)
Batting: LHB Nobuo Yamashita 0-0: Bunted foul
0-1: Sac Bunt - play at first, batter OUT! 1-4
Kyle Vandenbrink to second
Pinch Hitting: LHB Ángel Ríos 0-0: Ball
1-0: Swinging Strike
1-1: Called Strike
1-2: Ground out 6-3 (Groundball, 6)
Batting: LHB Carlos Campos 0-0: Foul Ball, location: 2F
0-1: Swinging Strike
0-2: Ball
1-2: Ball
2-2: Foul Ball, location: 2F
2-2: Fly out, F9 (Flyball, 9D)
Bottom of the 8th over - 0 runs, 1 hit, 0 errors, 1 left on base; Phoenix 2 - New Amsterdam 1
TOP OF THE 9TH
Phoenix Hotspur batting - Pitching for New Amsterdam Dutchmen : RHP Ernest Hawks
Now at 2B: Júlio Flores
Batting: RHB Martín Talia 0-0: Foul Ball, location: 2F
0-1: Ball
1-1: Foul Ball, location: 2F
1-2: Ball
2-2: Foul Ball, location: 2F
2-2: Strikes out swinging
Pitching: RHP Nelle Liefting
Batting: LHB Harumi Takaki 0-0: Foul Ball, location: 2F
0-1: Ball
1-1: SOLO HOME RUN (Flyball, 7LD), Distance : 345 ft
Batting: RHB Gabriel Pérez 0-0: Foul Ball, location: 2F
0-1: Foul Ball, location: 2F
0-2: Foul Ball, location: 2F
0-2: DOUBLE (Flyball, 8RXD)
Batting: RHB Julián De Paz 0-0: Intentional Walk
Batting: RHB Lopahin Davletyarov 0-0: Ball
1-0: Swinging Strike
1-1: Swinging Strike
1-2: Foul Ball, location: 2F
1-2: Strikes out swinging
Batting: LHB Corey Ferguson 0-0: Ball
1-0: Ball
2-0: Fly out, F9 (Line Drive, 9D)
Top of the 9th over - 1 run, 2 hits, 0 errors, 2 left on base; Phoenix 3 - New Amsterdam 1
BOTTOM OF THE 9TH
New Amsterdam Dutchmen batting - Pitching for Phoenix Hotspur : RHP Masahiro Sakei
Batting: LHB SaQwan Hackett 0-0: Called Strike
0-1: Foul Ball, location: 2F
0-2: Strikes out swinging
Batting: LHB Divine Diablo 0-0: Ground out 4-3 (Groundball, 4)
Batting: RHB Kyu-cheol Kye 0-0: Ball
1-0: Ball
2-0: Ball
3-0: Called Strike
3-1: Base on Balls
Pitching: RHP Roger Taylor
Batting: RHB António Martínez 0-0: Foul Ball, location: 2F
0-1: Ball
1-1: Ball
2-1: Foul Ball, location: 2F
2-2: Foul Ball, location: 2F
2-2: SINGLE (Groundball, 6MD)
Kyu-cheol Kye to second
Batting: RHB Pedro Santos 0-0: Ball
1-0: Ball
2-0: Ball
3-0: Base on Balls
Kyu-cheol Kye to third
António Martínez to second
Batting: RHB Kyle Vandenbrink 0-0: Foul Ball, location: 2F
0-1: Foul Ball, location: 2F
0-2: Strikes out looking
Bottom of the 9th over - 0 runs, 1 hit, 0 errors, 3 left on base; Phoenix 3 - New Amsterdam 1
Friday, March 29th, 2019 - OOTP Baseball 18.8 Build 76